 Dungeon Crawl Stone Soup version 0.14-a0-1844-g8283a67 (webtiles) character file.

49 PolkaDot the Ruinous (level 3, 0/24 HPs)
             Began as a Vampire Conjurer on Jan 11, 2014.
             Slain by a green rat (4 damage)
             ... on Level 2 of the Dungeon.
             The game lasted 00:06:27 (1565 turns).

PolkaDot the Ruinous (Vampire Conjurer)             Turns: 1565, Time: 00:06:28

HP   0/24        AC  3     Str  7      XL: 3   Next: 53%
MP   6/6         EV 11     Int 18      God:
Gold 0           SH  7     Dex 14      Spells:  2 memorised,  4 levels left

rFire  . . .     SeeInvis +     m - -2,-1 orc dagger
rCold  . . .     Clarity  .     a - +0 robe
rNeg   . . .     Conserve .     d - +0 buckler (curse)
rPois  .         rCorr    .     f - +0 helmet
rElec  .         rRot     .     (no cloak)
SustAb . .       Spirit   .     (no gloves)
rMut   .         Warding  .     (no boots)
Saprov . . .     Stasis   .     (no amulet)
                                (no ring)
                                j - cursed ring of wizardry

@: regenerating quickly, flying, slightly resistant to hostile enchantments,
stealthy
A: fangs 3, see invisible, unbreathing
a: no special abilities


You were on level 2 of the Dungeon.
You were very full.

You visited 1 branch of the dungeon, and saw 2 of its levels.

Inventory:

Hand weapons
 e - a +2,+1 spear of dragon slaying
 m - a -2,-1 orcish dagger (weapon)
Armour
 a - a +0 robe (worn)
 d - a cursed +0 buckler (worn)
 f - a +0 helmet (worn)
Scrolls
 b - a scroll of magic mapping
Jewellery
 j - a cursed ring of wizardry (left hand)
Books
 c - a book of Conjurations

   Spells                             Type                      Level
   *Magic Dart                        Conjuration                  1
   *Searing Ray                       Conjuration                  2
   Dazzling Spray                     Conjuration/Hexes            3
   Iskenderun's Mystic Blast          Conjuration                  4
   Iskenderun's Battlesphere          Conjuration/Charms           4
   Fulminant Prism                    Conjuration/Hexes            5


   Skills:
 - Level 2.1 Dodging
 - Level 3.0 Stealth
 + Level 2.8 Spellcasting
 * Level 3.5 Conjurations


You had 4 spell levels left.
You knew the following spells:

 Your Spells              Type           Power        Failure   Level  Hunger
a - Magic Dart            Conj           ###.         2%          1    None
s - Searing Ray           Conj           ###...       3%          2    ##.....


Dungeon Overview and Level Annotations

Branches:
Dungeon (2/16)

Altars:


Innate Abilities, Weirdness & Mutations

Your natural rate of healing is unusually fast.
You have razor-sharp teeth.*
You have supernaturally acute eyesight.
You can survive without breathing.*


Message History

Drink which item? (? for menu, Esc to quit)
Okay, then.
Drop what? (_ for help) (? for menu, Esc to quit)
You drop a potion of degeneration {!q}.
The green rat barely misses you.
You hit the green rat but do no damage. Your bite misses the green rat.
The green rat closely misses you.
You swing at nothing.
The green rat barely misses you.
You swing at nothing.
The green rat bites you.
* * * LOW HITPOINT WARNING * * *
You miss the green rat.
You bite the green rat, but do no damage.
You feel less confused. The green rat closely misses you.
You aren't carrying any potions.
Unknown command.
Read which item? (? for menu, Esc to quit)
As you read the scroll labeled PHUULE THRUMETA, it crumbles to dust.
Your cursed -2,-2 orcish dagger glows red for a moment.
It was a scroll of enchant weapon II.
The green rat bites you.
You die...

..........###.###.##.#..# #.##.#
#########.####...###.#).####.....
#.......## #............#
#.####### ###..######### #.#
#######..##### #.# #.......?....#
#.# #.######.###.# ## #.# #.# #.#
#.# #. #.# #@# #.# #.# #. #.# #r#
#.# #.# #.
#.######K######.###.####.
...[..b.g................
##.P♣.##..P.♣§♣..##.####. ♣♣..
#.♣..♣§§P§...# #. ..♣
..♣..♣P♣..♣.%# #. P
...♣.§§§PP..%# #. ..♣.♣.♣♣§♣§...#
#.


You could see a green rat, a hobgoblin and a kobold.

Vanquished Creatures
  A green rat (D:2)
  5 giant geckos
  2 ball pythons
  A giant cockroach (D:1)
  5 hobgoblins
  3 jackals (D:1)
  3 kobolds (D:1)
  A quokka (D:2)
  6 bats
  3 giant newts
  3 goblins
  2 rats
35 creatures vanquished.

Notes
Turn   | Place    | Note
--------------------------------------------------------------
     0 | D:1      | PolkaDot, the Vampire Conjurer, began the quest for the Orb.
     0 | D:1      | Reached XP level 1. HP: 13/13 MP: 3/3
   276 | D:1      | Reached XP level 2. HP: 19/19 MP: 5/5
   607 | D:1      | Learned a level 2 spell: Searing Ray
  1253 | D:2      | Reached XP level 3. HP: 20/24 MP: 3/6
  1565 | D:2      | Slain by a green rat

Action                   || total
-------------------------++-------
Melee: Spear             ||    20
       Dagger            ||    90
 Cast: Magic Dart        ||    13
       Searing Ray       ||     8
  Use: Scroll            ||     7
       Potion            ||     3
 Stab: Sleeping          ||     5
